 Dungeon Crawl Stone Soup version 0.19-a0-45-g2c295ea (webtiles) character file.

204 weee the Digger (level 5, 0/28 HPs)
             Began as a Gargoyle Earth Elementalist on May 5, 2016.
             Slain by a bat (1 damage)
             ... on level 3 of the Dungeon.
             The game lasted 00:07:55 (2044 turns).

weee the Digger (Gargoyle Earth Elementalist)       Turns: 2044, Time: 00:07:56

Health: 0/28       AC:  8    Str: 12    XL:     5   Next: 82%
Magic:  1/11       EV: 17    Int: 16    God:
Gold:   105        SH:  0    Dex: 15    Spells: 3 memorised, 3 levels left

rFire  . . .     SeeInvis .     b - 26 stones
rCold  . . .     Gourm    .     a - +0 robe
rNeg   + . .     Faith    .     (no shield)
rPois  ∞         Spirit   .     n - +0 helmet
rElec  +         Dismiss  .     (no cloak)
rCorr  .         Reflect  .     y - +0 pair of gloves
SustAt .         Harm     .     (no boots)
MR     .....                    (no amulet)
Stlth  +++.......               z - ring of wizardry
                                t - ring of wizardry

@: agile, not resistant to hostile enchantments, fairly stealthy
A: negative energy resistance 1, electricity resistance, unbreathing,
petrification resistance, rot immunity, AC +4
a: no special abilities


You were on level 3 of the Dungeon.
You were hungry.

You visited 1 branch of the dungeon, and saw 3 of its levels.

You collected 105 gold pieces.

Inventory:

Hand Weapons
 e - a +0 short sword
 i - a +0 whip
 k - a +0 mace
 r - a +0 whip
 s - a +0 short sword
 w - a +0 vampiric falchion
Missiles
 b - 26 stones (in hand)
Armour
 a - a +0 robe (worn)
 n - a +0 helmet (worn)
 x - a +0 buckler
 y - a +0 pair of gloves (worn)
Jewellery
 t - a ring of wizardry (left hand)
 z - a ring of wizardry (right hand)
Wands
 g - a wand of slowing (16/48)
Scrolls
 l - 5 scrolls of remove curse
Potions
 j - 2 potions of might
 p - a potion of magic {unknown}
 q - a potion of cure mutation {unknown}
 u - a potion of degeneration {unknown}
Books
 c - a book of Geomancy

   Spells                             Type                      Level
   a - Sandblast                      Earth                        1
   b - Passwall                       Transmutation/Earth          2
   c - Stone Arrow                    Conjuration/Earth            3
   d - Petrify                        Transmutation/Earth          4
   e - Lee's Rapid Deconstruction     Earth                        5
Comestibles
 d - a bread ration
 f - a slice of pizza
 v - 7 chunks of flesh
 A - a meat ration


   Skills:
 - Level 1.5 Dodging
 - Level 2.1 Stealth
 * Level 4.2 Spellcasting
 + Level 2.2 Conjurations
   Level 0.7 Transmutations
 + Level 4.8 Earth Magic


You had 3 spell levels left.
You knew the following spells:

 Your Spells              Type           Power        Failure   Level  Hunger
a - Sandblast             Erth           ###...       1%          1    None
b - Stone Arrow           Conj/Erth      ##....       3%          3    ###....
c - Lee's Rapid Deconstr  Erth           ###.......   28%         5    ######.


Dungeon Overview and Level Annotations

Branches:
Dungeon (3/15)

Altars:

Annotations:
D:3 Kenran's ghost, amateur HOFi


Innate Abilities, Weirdness & Mutations

You are resistant to torment.
Your stone body is resilient (AC +4).
You are immune to poison.
You resist negative energy.
You are resistant to electric shocks.
You can survive without breathing.
You are immune to petrification.
You are immune to rotting.


Message History

Aiming: Stone Arrow
Press: ? - help, Shift-Dir - straight line, f/p - Kenran's ghost
Aim: Kenran's ghost (heavily damaged)
The stone arrow hits Kenran's ghost.
Kenran's ghost is severely damaged.
The bat hits you but does no damage.
Casting: Stone Arrow
Confirm with . or Enter, or press ? or * to list all spells.
You don't have enough magic to cast that spell.
Unknown command.
Casting: Stone Arrow
Confirm with . or Enter, or press ? or * to list all spells.
You don't have enough magic to cast that spell.
Casting: Stone Arrow
Confirm with . or Enter, or press ? or * to list all spells.
Aiming: Sandblast
Press: ? - help, Shift-Dir - straight line, f/p - Kenran's ghost
Aim: Kenran's ghost (severely damaged)
The rocky blast misses Kenran's ghost.
The bat hits you.
You die...

#....# #....# #....# #####
#....## #######
....########.....# ##### #.....#
....#.....###....# #...# #.....#
....#....)# #....# #...# #.....#
....#.....###....###...###.....##
....+.......(..W@b.'...'.........
....#.....##########...###.......
....#.....# #...# #......#
#.........# #...# #.)....#
#....##+####### #...########..
#.....W..>..l.. ####..........
#....##b##.### ######.###.
#######.# #.# #. ........##.
#####.###.


You could see Kenran's ghost and a bat.

Vanquished Creatures
  A big kobold (D:3)
  Natasha (thrice) (D:2)
  2 adders
  A worm (D:3)
  A dart slug (D:1)
  A giant gecko (D:2)
  5 orcs (D:3)
  A ball python (D:1)
  6 bats
  2 giant cockroaches
  3 goblins
  2 hobgoblins (D:2)
  5 kobolds
  2 quokkas (D:2)
  A giant newt (D:3)
  8 rats
44 creatures vanquished.

Notes
Turn   | Place    | Note
--------------------------------------------------------------
     0 | D:1      | weee the Gargoyle Earth Elementalist began the quest for the Orb.
     0 | D:1      | Reached XP level 1. HP: 10/10 MP: 3/3
   165 | D:1      | Reached XP level 2. HP: 15/15 MP: 1/5
  1046 | D:2      | Reached XP level 3. HP: 14/19 MP: 2/7
  1053 | D:2      | Learned a level 3 spell: Stone Arrow
  1157 | D:2      | Noticed Natasha
  1158 | D:2      | Killed Natasha
  1158 | D:2      | Reached XP level 4. HP: 24/24 MP: 5/9
  1313 | D:2      | Noticed Natasha
  1319 | D:2      | Killed Natasha
  1319 | D:2      | Reached skill level 1 in Conjurations
  1466 | D:2      | Noticed Natasha
  1468 | D:2      | Killed Natasha
  1665 | D:3      | Reached XP level 5. HP: 28/28 MP: 8/10
  1705 | D:3      | Noticed a big kobold
  1717 | D:3      | Killed a big kobold
  1784 | D:3      | Learned a level 5 spell: Lee's Rapid Deconstruction
  2000 | D:3      | Noticed Kenran's ghost (amateur HOFi)
  2013 | D:3      | HP: 1/28 [Kenran's ghost (10)]
  2041 | D:3      | HP: 1/28 [bat (1)]
  2044 | D:3      | Slain by a bat

Vault maps used:
D:1:      dpeg_arrival_pond
D:2:      uniq_natasha
D:3:      lightli_temple_of_fire, nicolae_overflow_quartered_altars, uniq_robin

Skill      XL: |  1  2  3  4  5 |
---------------+----------------+-----
Earth Magic    | 4 |  4.8
Spellcasting   | 3 4 |  4.2
Conjurations   | 1 2 |  2.2
Dodging        | |  1.5
Stealth        | |  2.1
Transmutations | |  0.7

Action                   |  1- 3 |  4- 6 || total
-------------------------+-------+-------++-------
 Cast: Sandblast         |    33 |    42 ||    75
       Stone Arrow       |       |     1 ||     1
  Use: Scroll            |     9 |     1 ||    10
       Potion            |       |     3 ||     3
  Eat: Chunk             |     1 |     2 ||     3
Armor: Robe              |     2 |     6 ||     8
Dodge: Dodged            |     8 |    13 ||    21
